[ AOE2 MATCH · #473535918 ]
UnrankedRomans vs Muisca
Player's team · LOSS
[ REPLAY ANALYSIS · EXTRACTED FROM THE RECORDED GAME ]
Feudal
9:23
Castle
18:36
Imperial
35:44
| APM avg | 43.2 |
| APM peak | 73 |
| eAPM avg | 27.3 |
| Villagers / military | 145 / 174 |
Focus
⚔️ 44.9% · 🌾 55.1%
Knight ×167 · Scout Cavalry ×5 · Spearman ×2
Feudal
10:56
Castle
14:26
Imperial
33:31
| APM avg | 54.0 |
| APM peak | 94 |
| eAPM avg | 33.9 |
| Villagers / military | 185 / 10 |
Focus
⚔️ 62.6% · 🌾 37.4%
Unknown (2562) ×132 · Trebuchet (Packed) ×7 · Monk ×2 · Mangonel ×1
Feudal
10:57
Castle
15:26
Imperial
36:30
| APM avg | 58.9 |
| APM peak | 89 |
| eAPM avg | 36.2 |
| Villagers / military | 183 / 138 |
Focus
⚔️ 50.4% · 🌾 49.6%
Longbowman ×118 · Battering Ram ×9 · Trebuchet (Packed) ×7 · Mangonel ×4
Feudal
10:06
Castle
15:37
Imperial
40:09
| APM avg | 43.0 |
| APM peak | 90 |
| eAPM avg | 30.7 |
| Villagers / military | 266 / 141 |
Focus
⚔️ 38.6% · 🌾 61.4%
Petard ×125 · Mangonel ×7 · Kamayuk ×5 · Monk ×2 · Battering Ram ×2
Feudal
11:27
Castle
15:14
Imperial
31:43
| APM avg | 55.7 |
| APM peak | 116 |
| eAPM avg | 21.7 |
| Villagers / military | 161 / 44 |
Focus
⚔️ 29.1% · 🌾 70.9%
Unknown (2579) ×97 · Skirmisher ×39 · Trebuchet (Packed) ×5
Feudal
8:27
Castle
19:32
Imperial
30:30
| APM avg | 82.6 |
| APM peak | 179 |
| eAPM avg | 55.7 |
| Villagers / military | 177 / 218 |
Focus
⚔️ 60.2% · 🌾 39.8%
Hand Cannoneer ×127 · Skirmisher ×59 · Bombard Cannon ×9 · Cataphract ×8 · Scout Cavalry ×6 · Trebuchet (Packed) ×5
Feudal
9:29
Castle
21:00
Imperial
—
| APM avg | 53.8 |
| APM peak | 118 |
| eAPM avg | 32.4 |
| Villagers / military | 137 / 45 |
Focus
⚔️ 31.7% · 🌾 68.3%
Arambai ×28 · Militia ×6 · Mangonel ×5 · Monk ×3 · Battering Ram ×3
Feudal
9:16
Castle
19:09
Imperial
31:35
| APM avg | 75.0 |
| APM peak | 120 |
| eAPM avg | 36.2 |
| Villagers / military | 166 / 232 |
Focus
⚔️ 39.2% · 🌾 60.8%
Militia ×197 · Battering Ram ×22 · Monk ×7 · Scorpion ×4 · Mangonel ×2
Match map
Initial resources + every placement click. Lines = walls · curves = elevation contours. ◆ gold · ⬟ stone · ● berries · ✦ relic · ◌ wall gap
Your base· ✓ Closed at 18:36 · 11t walls · no gate
APZz_'s base· ✓ Closed at 14:26 · 11t walls · 1 gate(s)
VENÓN | Mauricio's base· ✓ Closed at 15:26 · 28t walls · 1 gate(s)
CTM | Lelouch's base· ✓ Closed at 15:37 · 17t walls · 1 gate(s)
Ancalagon14's base· ✓ Closed at 15:14 · 7t walls · 1 gate(s)
VENÓN | Pura Vida's base· ✓ Closed at 19:32 · 11t walls · 2 gate(s)
Ux'el noruego's base· ✓ Closed at 21:00 · 25t walls · 2 gate(s)
VENON | Sigfridinho's base· ✓ Closed at 19:09 · 8t walls · no gate
Smoothed initial terrain · ◌ = detected wall gap · hover for details
Inputs per minute
— NYU - - APZz_
Build order — NYU
First 150 of 454 actions detected
| 0:02 | Queue | Villager (Male) |
| 0:03 | Queue | Villager (Male) |
| 0:03 | Queue | Villager (Male) |
| 0:05 | Build | House |
| 0:07 | Build | House |
| 0:09 | Queue | Villager (Male) |
| 1:15 | Queue | Villager (Male) |
| 1:15 | Queue | Villager (Male) |
| 1:47 | Queue | Villager (Male) |
| 2:05 | Build | Lumber Camp |
| 2:21 | Queue | Villager (Male) |
| 2:21 | Queue | Villager (Male) |
| 2:42 | Queue | Villager (Male) |
| 2:42 | Queue | Villager (Male) |
| 2:57 | Queue | Villager (Male) |
| 2:57 | Queue | Villager (Male) |
| 3:21 | Queue | Villager (Male) |
| 3:38 | Queue | Villager (Male) |
| 3:38 | Queue | Villager (Male) |
| 3:52 | Build | House |
| 3:53 | Build | House |
| 3:59 | Queue | Villager (Male) |
| 3:59 | Queue | Villager (Male) |
| 4:23 | Queue | Villager (Male) |
| 4:23 | Queue | Villager (Male) |
| 4:26 | Build | Mill |
| 4:36 | Queue | Villager (Male) |
| 4:55 | Queue | Villager (Male) |
| 6:05 | Queue | Villager (Male) |
| 6:05 | Queue | Villager (Male) |
| 6:05 | Queue | Villager (Male) |
| 6:05 | Queue | Villager (Male) |
| 6:43 | Research | Loom |
| 7:13 | Research | Feudal Age |
| 8:13 | Build | Barracks |
| 8:38 | Queue | Villager (Male) |
| 8:38 | Queue | Villager (Male) |
| 9:23 | Age | Feudal Age |
| 9:28 | Build | Stable |
| 9:35 | Research | Double-Bit Axe |
| 9:35 | Research | Horse Collar |
| 9:44 | Build | Farm |
| 9:47 | Build | Farm |
| 9:48 | Queue | Villager (Male) |
| 10:14 | Queue | Villager (Male) |
| 10:17 | Build | Farm |
| 10:20 | Build | Farm |
| 10:23 | Queue | Scout Cavalry |
| 10:23 | Queue | Scout Cavalry |
| 10:23 | Queue | Scout Cavalry |
| 10:31 | Build | Palisade Wall |
| 10:42 | Build | Farm |
| 10:44 | Queue | Villager (Male) |
| 10:52 | Queue | Villager (Male) |
| 11:00 | Build | Farm |
| 11:05 | Build | Farm |
| 11:10 | Build | Farm |
| 11:13 | Queue | Scout Cavalry |
| 11:19 | Queue | Villager (Male) |
| 11:33 | Build | Farm |
| 11:38 | Build | Farm |
| 11:41 | Queue | Villager (Male) |
| 12:02 | Build | Farm |
| 12:10 | Queue | Scout Cavalry |
| 12:23 | Queue | Villager (Male) |
| 12:23 | Queue | Villager (Male) |
| 12:49 | Build | Stone Wall |
| 13:23 | Queue | Villager (Male) |
| 13:23 | Queue | Villager (Male) |
| 13:25 | Build | Mining Camp |
| 14:03 | Build | House |
| 14:06 | Build | House |
| 14:39 | Queue | Villager (Male) |
| 14:43 | Build | Market |
| 14:47 | Build | Blacksmith |
| 14:51 | Queue | Villager (Male) |
| 15:01 | Build | House |
| 15:02 | Build | House |
| 15:56 | Research | Castle Age |
| 16:21 | Research | Scale Barding Armor |
| 16:31 | Build | Lumber Camp |
| 16:59 | Research | Forging |
| 17:50 | Research | Bloodlines |
| 18:07 | Build | Stable |
| 18:21 | Research | Wheelbarrow |
| 18:36 | Age | Castle Age |
| 18:39 | Queue | Knight |
| 18:39 | Queue | Knight |
| 18:40 | Queue | Knight |
| 18:40 | Queue | Knight |
| 19:05 | Queue | Knight |
| 19:05 | Queue | Knight |
| 19:16 | Queue | Villager (Male) |
| 19:16 | Queue | Villager (Male) |
| 19:39 | Queue | Knight |
| 19:45 | Build | Town Center |
| 20:27 | Queue | Knight |
| 20:27 | Queue | Knight |
| 20:28 | Queue | Knight |
| 20:50 | Build | Gate |
| 21:00 | Queue | Knight |
| 21:00 | Queue | Knight |
| 21:02 | Queue | Villager (Male) |
| 21:02 | Queue | Villager (Male) |
| 21:02 | Queue | Villager (Male) |
| 21:10 | Queue | Villager (Male) |
| 21:10 | Queue | Villager (Male) |
| 21:29 | Queue | Knight |
| 21:30 | Queue | Knight |
| 21:41 | Queue | Villager (Male) |
| 21:41 | Queue | Villager (Male) |
| 21:53 | Build | Mining Camp |
| 21:57 | Build | Mining Camp |
| 22:02 | Build | Farm |
| 22:10 | Queue | Knight |
| 22:10 | Queue | Knight |
| 22:20 | Build | Farm |
| 22:22 | Build | Farm |
| 22:24 | Build | Farm |
| 22:25 | Queue | Villager (Male) |
| 22:26 | Queue | Villager (Male) |
| 22:26 | Queue | Villager (Male) |
| 22:38 | Queue | Villager (Male) |
| 22:38 | Queue | Villager (Male) |
| 22:54 | Queue | Knight |
| 22:58 | Queue | Villager (Male) |
| 23:04 | Queue | Knight |
| 23:04 | Queue | Knight |
| 23:08 | Build | Farm |
| 23:10 | Build | Farm |
| 23:10 | Queue | Villager (Male) |
| 23:10 | Queue | Villager (Male) |
| 23:26 | Queue | Knight |
| 23:30 | Build | Farm |
| 23:31 | Build | Farm |
| 23:33 | Build | Farm |
| 23:36 | Build | Farm |
| 24:08 | Research | Chain Barding Armor |
| 24:16 | Build | Farm |
| 24:17 | Queue | Villager (Male) |
| 24:17 | Queue | Villager (Male) |
| 24:18 | Queue | Villager (Male) |
| 24:28 | Queue | Villager (Male) |
| 24:28 | Queue | Villager (Male) |
| 24:41 | Queue | Villager (Male) |
| 24:42 | Queue | Villager (Male) |
| 24:45 | Queue | Knight |
| 24:54 | Build | House |
| 24:56 | Build | House |
| 24:57 | Build | House |
Build order — APZz_
First 150 of 438 actions detected
| 0:01 | Queue | Villager (Male) |
| 0:02 | Build | House |
| 0:05 | Build | House |
| 0:18 | Queue | Villager (Male) |
| 0:29 | Queue | Villager (Male) |
| 1:11 | Queue | Villager (Male) |
| 1:26 | Queue | Villager (Male) |
| 1:27 | Queue | Villager (Male) |
| 1:49 | Build | Settlement |
| 1:58 | Queue | Villager (Male) |
| 2:28 | Queue | Villager (Male) |
| 2:29 | Queue | Villager (Male) |
| 3:03 | Queue | Villager (Male) |
| 3:03 | Queue | Villager (Male) |
| 3:33 | Queue | Villager (Male) |
| 3:33 | Queue | Villager (Male) |
| 4:00 | Build | Settlement |
| 4:03 | Queue | Villager (Male) |
| 4:03 | Queue | Villager (Male) |
| 4:20 | Queue | Villager (Male) |
| 5:12 | Queue | Villager (Male) |
| 5:12 | Queue | Villager (Male) |
| 5:43 | Queue | Villager (Male) |
| 5:52 | Queue | Villager (Male) |
| 6:08 | Build | House |
| 6:12 | Queue | Villager (Male) |
| 6:35 | Build | Palisade Gate |
| 6:40 | Queue | Villager (Male) |
| 6:48 | Build | Palisade Wall |
| 7:24 | Queue | Villager (Male) |
| 7:37 | Build | House |
| 8:07 | Build | Palisade Wall |
| 8:21 | Queue | Villager (Male) |
| 8:26 | Build | Settlement |
| 8:45 | Research | Feudal Age |
| 8:56 | Build | Palisade Wall |
| 10:11 | Queue | Villager (Male) |
| 10:31 | Queue | Villager (Male) |
| 10:56 | Age | Feudal Age |
| 10:58 | Build | Market |
| 11:00 | Build | Blacksmith |
| 11:42 | Research | Double-Bit Axe |
| 11:46 | Research | Castle Age |
| 11:46 | Research | Castle Age |
| 12:05 | Research | Horse Collar |
| 12:08 | Build | Farm |
| 12:09 | Build | Farm |
| 13:16 | Queue | Villager (Male) |
| 13:31 | Build | Farm |
| 13:37 | Research | Stone Mining |
| 13:37 | Research | Stone Mining |
| 14:23 | Queue | Villager (Male) |
| 14:26 | Age | Castle Age |
| 14:34 | Queue | Villager (Male) |
| 14:36 | Build | Castle |
| 14:45 | Research | Bow Saw |
| 14:55 | Build | Farm |
| 15:22 | Build | Farm |
| 15:26 | Queue | Villager (Male) |
| 15:35 | Build | Farm |
| 15:46 | Build | Farm |
| 15:51 | Queue | Villager (Male) |
| 15:53 | Build | Farm |
| 16:08 | Queue | Villager (Male) |
| 16:10 | Build | Gate |
| 16:13 | Build | Stone Wall |
| 16:14 | Build | Stone Wall |
| 16:16 | Queue | Unit 2562 |
| 16:26 | Build | Farm |
| 16:31 | Queue | Unit 2562 |
| 16:32 | Queue | Unit 2562 |
| 16:43 | Queue | Villager (Male) |
| 16:53 | Queue | Unit 2562 |
| 16:59 | Research | Fletching |
| 17:03 | Build | Farm |
| 17:16 | Queue | Unit 2562 |
| 17:16 | Queue | Villager (Male) |
| 17:32 | Queue | Villager (Male) |
| 17:39 | Queue | Unit 2562 |
| 17:50 | Queue | Villager (Male) |
| 17:54 | Build | Farm |
| 18:13 | Queue | Villager (Male) |
| 18:21 | Research | Gold Mining |
| 18:23 | Queue | Unit 2562 |
| 18:25 | Queue | Villager (Male) |
| 18:35 | Queue | Villager (Male) |
| 18:49 | Queue | Unit 2562 |
| 18:50 | Queue | Villager (Male) |
| 19:04 | Queue | Villager (Male) |
| 19:25 | Queue | Villager (Male) |
| 19:36 | Queue | Villager (Male) |
| 19:39 | Build | Town Center |
| 19:54 | Queue | Unit 2562 |
| 20:03 | Queue | Unit 2562 |
| 20:08 | Queue | Villager (Male) |
| 20:19 | Queue | Villager (Male) |
| 20:31 | Research | Bodkin Arrow |
| 20:31 | Research | Bodkin Arrow |
| 20:49 | Queue | Villager (Male) |
| 20:50 | Queue | Unit 2562 |
| 20:56 | Queue | Villager (Male) |
| 21:05 | Queue | Villager (Male) |
| 21:15 | Queue | Unit 2562 |
| 21:31 | Queue | Villager (Male) |
| 21:41 | Build | Town Center |
| 21:44 | Queue | Villager (Male) |
| 21:53 | Queue | Villager (Male) |
| 21:56 | Queue | Villager (Male) |
| 22:00 | Build | Monastery |
| 22:08 | Queue | Unit 2562 |
| 22:09 | Queue | Villager (Male) |
| 22:14 | Queue | Unit 2562 |
| 22:15 | Queue | Villager (Male) |
| 22:19 | Queue | Villager (Male) |
| 22:21 | Queue | Villager (Male) |
| 22:24 | Queue | Villager (Male) |
| 22:28 | Build | Settlement |
| 22:38 | Queue | Unit 2562 |
| 22:46 | Queue | Monk |
| 22:48 | Queue | Villager (Male) |
| 22:51 | Research | Heavy Plow |
| 22:51 | Research | Heavy Plow |
| 22:54 | Research | Wheelbarrow |
| 22:54 | Research | Wheelbarrow |
| 23:02 | Queue | Villager (Male) |
| 23:05 | Build | House |
| 23:10 | Build | House |
| 23:13 | Queue | Unit 2562 |
| 23:16 | Queue | Villager (Male) |
| 23:19 | Build | Farm |
| 23:21 | Build | Farm |
| 23:27 | Queue | Villager (Male) |
| 23:33 | Queue | Unit 2562 |
| 23:36 | Queue | Villager (Male) |
| 23:41 | Queue | Villager (Male) |
| 23:45 | Build | Farm |
| 23:47 | Build | Farm |
| 23:50 | Build | Farm |
| 23:51 | Build | Farm |
| 23:55 | Build | Farm |
| 23:56 | Build | Farm |
| 23:57 | Queue | Unit 2562 |
| 23:58 | Queue | Villager (Male) |
| 23:58 | Queue | Villager (Male) |
| 24:18 | Queue | Unit 2562 |
| 24:20 | Build | House |
| 24:21 | Queue | Villager (Male) |
| 24:32 | Build | Outpost |
| 24:34 | Queue | Villager (Male) |
| 24:34 | Research | Loom |
Build order — VENÓN | Mauricio
First 150 of 448 actions detected
| 0:00 | Queue | Villager (Male) |
| 0:01 | Queue | Villager (Male) |
| 0:02 | Build | House |
| 0:03 | Build | House |
| 0:08 | Queue | Villager (Male) |
| 0:13 | Queue | Villager (Male) |
| 1:24 | Queue | Villager (Male) |
| 1:25 | Queue | Villager (Male) |
| 2:02 | Queue | Villager (Male) |
| 2:29 | Queue | Villager (Male) |
| 2:34 | Queue | Villager (Male) |
| 2:36 | Build | Lumber Camp |
| 2:50 | Queue | Villager (Male) |
| 3:14 | Queue | Villager (Male) |
| 3:14 | Queue | Villager (Male) |
| 3:35 | Queue | Villager (Male) |
| 3:48 | Queue | Villager (Male) |
| 3:59 | Build | House |
| 4:00 | Build | House |
| 4:11 | Queue | Villager (Male) |
| 4:20 | Build | Palisade Gate |
| 4:21 | Build | Palisade Wall |
| 4:30 | Queue | Villager (Male) |
| 5:01 | Queue | Villager (Male) |
| 5:01 | Queue | Villager (Male) |
| 5:27 | Queue | Villager (Male) |
| 5:36 | Build | House |
| 5:47 | Build | Palisade Wall |
| 5:56 | Queue | Villager (Male) |
| 6:00 | Queue | Villager (Male) |
| 6:18 | Build | Mining Camp |
| 6:34 | Queue | Villager (Male) |
| 6:34 | Queue | Villager (Male) |
| 6:38 | Queue | Villager (Male) |
| 6:41 | Queue | Villager (Male) |
| 7:11 | Queue | Villager (Male) |
| 7:11 | Queue | Villager (Male) |
| 7:19 | Queue | Villager (Male) |
| 7:19 | Queue | Villager (Male) |
| 7:32 | Queue | Villager (Male) |
| 7:41 | Build | Mill |
| 7:45 | Queue | Villager (Male) |
| 8:20 | Queue | Villager (Male) |
| 8:20 | Research | Feudal Age |
| 10:07 | Research | Loom |
| 10:19 | Build | House |
| 10:48 | Queue | Villager (Male) |
| 10:56 | Queue | Villager (Male) |
| 10:57 | Age | Feudal Age |
| 11:00 | Build | Stone Wall |
| 11:00 | Queue | Villager (Male) |
| 11:15 | Queue | Villager (Male) |
| 11:16 | Build | Market |
| 11:22 | Queue | Villager (Male) |
| 11:24 | Queue | Villager (Male) |
| 11:27 | Build | Stone Wall |
| 11:32 | Build | Stone Wall |
| 11:38 | Build | Stone Wall |
| 11:40 | Build | Stone Wall |
| 11:46 | Build | Stone Wall |
| 11:49 | Build | Stone Wall |
| 11:50 | Build | Stone Wall |
| 11:53 | Build | Stone Wall |
| 11:55 | Build | Stone Wall |
| 11:58 | Build | Stone Wall |
| 12:02 | Queue | Villager (Male) |
| 12:09 | Build | Stone Wall |
| 12:11 | Queue | Villager (Male) |
| 12:14 | Build | Blacksmith |
| 12:46 | Research | Castle Age |
| 13:00 | Build | House |
| 13:08 | Research | Double-Bit Axe |
| 13:36 | Build | Mining Camp |
| 13:57 | Research | Town Watch |
| 13:57 | Queue | Villager (Male) |
| 14:29 | Research | Horse Collar |
| 15:06 | Queue | Villager (Male) |
| 15:18 | Build | Stone Wall |
| 15:23 | Build | Stone Wall |
| 15:26 | Age | Castle Age |
| 15:28 | Queue | Villager (Male) |
| 15:30 | Research | Bow Saw |
| 15:31 | Build | Farm |
| 15:32 | Build | Farm |
| 15:33 | Queue | Villager (Male) |
| 15:40 | Queue | Villager (Male) |
| 16:13 | Build | Castle |
| 16:21 | Build | Farm |
| 16:24 | Build | Farm |
| 16:27 | Queue | Villager (Male) |
| 16:36 | Build | Farm |
| 16:37 | Build | Farm |
| 16:44 | Research | Fletching |
| 16:58 | Build | Farm |
| 16:59 | Build | Farm |
| 17:07 | Queue | Villager (Male) |
| 17:27 | Queue | Villager (Male) |
| 17:35 | Build | Mining Camp |
| 17:36 | Queue | Longbowman |
| 17:37 | Queue | Longbowman |
| 17:43 | Queue | Villager (Male) |
| 17:55 | Queue | Longbowman |
| 18:13 | Queue | Villager (Male) |
| 18:24 | Research | Bodkin Arrow |
| 18:26 | Queue | Longbowman |
| 18:31 | Queue | Longbowman |
| 18:42 | Queue | Villager (Male) |
| 18:47 | Queue | Longbowman |
| 19:01 | Queue | Villager (Male) |
| 19:15 | Queue | Villager (Male) |
| 19:34 | Queue | Longbowman ×5 |
| 19:35 | Queue | Villager (Male) |
| 19:47 | Queue | Villager (Male) |
| 20:05 | Queue | Villager (Male) |
| 20:14 | Queue | Villager (Male) |
| 20:23 | Build | Siege Workshop |
| 21:04 | Queue | Villager (Male) |
| 21:04 | Queue | Villager (Male) |
| 21:05 | Queue | Mangonel |
| 21:12 | Queue | Villager (Male) |
| 21:18 | Build | Town Center |
| 21:19 | Queue | Villager (Male) |
| 21:40 | Research | Wheelbarrow |
| 21:52 | Queue | Mangonel |
| 21:56 | Queue | Villager (Male) |
| 22:25 | Build | Town Center |
| 22:25 | Queue | Villager (Male) |
| 22:27 | Queue | Villager (Male) |
| 22:34 | Queue | Villager (Male) |
| 22:47 | Queue | Villager (Male) |
| 22:48 | Queue | Villager (Male) |
| 22:48 | Queue | Villager (Male) |
| 22:48 | Queue | Villager (Male) |
| 23:10 | Queue | Longbowman ×5 |
| 23:14 | Queue | Villager (Male) |
| 23:19 | Build | Farm |
| 23:21 | Queue | Villager (Male) |
| 23:41 | Queue | Villager (Male) |
| 23:43 | Queue | Longbowman |
| 23:54 | Queue | Villager (Male) |
| 23:55 | Build | Farm |
| 23:58 | Build | Farm |
| 24:00 | Build | Farm |
| 24:11 | Queue | Villager (Male) |
| 24:17 | Build | Town Center |
| 24:25 | Queue | Villager (Male) |
| 24:42 | Queue | Villager (Male) |
| 24:44 | Queue | Villager (Male) |
| 24:53 | Queue | Villager (Male) |
| 24:55 | Queue | Battering Ram |
Build order — CTM | Lelouch
First 150 of 527 actions detected
| 0:01 | Queue | Villager (Male) |
| 0:01 | Queue | Villager (Male) |
| 0:01 | Queue | Villager (Male) |
| 0:01 | Queue | Villager (Male) |
| 0:03 | Build | House |
| 0:04 | Build | House |
| 1:34 | Queue | Villager (Male) |
| 1:53 | Queue | Villager (Male) |
| 1:54 | Queue | Villager (Male) |
| 2:15 | Queue | Villager (Male) |
| 2:28 | Build | Settlement |
| 2:32 | Queue | Villager (Male) |
| 2:47 | Queue | Villager (Male) |
| 2:48 | Queue | Villager (Male) |
| 3:13 | Queue | Villager (Male) |
| 3:30 | Queue | Villager (Male) |
| 4:07 | Queue | Villager (Male) |
| 4:21 | Build | House |
| 4:27 | Queue | Villager (Male) |
| 4:28 | Queue | Villager (Male) |
| 4:29 | Queue | Villager (Male) |
| 4:30 | Queue | Villager (Male) |
| 4:52 | Build | House |
| 4:59 | Queue | Villager (Male) |
| 5:20 | Build | House |
| 5:38 | Queue | Villager (Male) |
| 5:43 | Build | Palisade Wall |
| 5:53 | Queue | Villager (Male) |
| 6:28 | Build | Settlement |
| 6:51 | Queue | Villager (Male) |
| 7:06 | Queue | Villager (Male) |
| 7:45 | Build | Settlement |
| 7:55 | Research | Feudal Age |
| 7:55 | Research | Feudal Age |
| 9:26 | Build | Palisade Wall |
| 9:28 | Build | Palisade Wall |
| 9:48 | Research | Loom |
| 10:04 | Build | Palisade Wall |
| 10:06 | Age | Feudal Age |
| 10:08 | Queue | Villager (Male) |
| 10:14 | Build | Palisade Wall |
| 10:18 | Build | Blacksmith |
| 10:32 | Build | Palisade Wall |
| 10:39 | Build | Market |
| 10:51 | Queue | Villager (Male) |
| 10:51 | Queue | Villager (Male) |
| 10:55 | Build | Palisade Wall |
| 10:58 | Queue | Villager (Male) |
| 11:16 | Build | Market |
| 11:30 | Build | Palisade Wall |
| 11:31 | Build | Palisade Wall |
| 11:56 | Build | Palisade Gate |
| 12:50 | Build | Palisade Wall |
| 12:57 | Research | Castle Age |
| 12:57 | Research | Castle Age |
| 13:50 | Build | Farm |
| 14:03 | Research | Double-Bit Axe |
| 14:03 | Research | Double-Bit Axe |
| 14:17 | Build | Farm |
| 15:28 | Queue | Villager (Male) |
| 15:37 | Age | Castle Age |
| 15:40 | Queue | Villager (Male) |
| 15:55 | Build | Town Center |
| 15:58 | Queue | Villager (Male) |
| 16:58 | Queue | Villager (Male) |
| 16:59 | Queue | Villager (Male) |
| 17:19 | Research | Horse Collar |
| 17:27 | Build | Farm |
| 17:33 | Build | Farm |
| 17:35 | Build | Farm |
| 17:46 | Queue | Villager (Male) |
| 17:46 | Queue | Villager (Male) |
| 17:59 | Build | Farm |
| 18:18 | Build | Farm |
| 18:18 | Queue | Villager (Male) |
| 18:18 | Queue | Villager (Male) |
| 18:30 | Queue | Villager (Male) |
| 18:30 | Queue | Villager (Male) |
| 18:43 | Build | Palisade Gate |
| 18:46 | Build | House |
| 18:54 | Build | Farm |
| 18:59 | Queue | Villager (Male) |
| 18:59 | Queue | Villager (Male) |
| 18:59 | Queue | Villager (Male) |
| 19:00 | Queue | Villager (Male) |
| 19:00 | Queue | Villager (Male) |
| 19:22 | Queue | Villager (Male) |
| 19:22 | Queue | Villager (Male) |
| 19:22 | Queue | Villager (Male) |
| 19:28 | Build | Outpost |
| 19:33 | Build | Farm |
| 19:35 | Queue | Villager (Male) |
| 19:36 | Queue | Villager (Male) |
| 19:52 | Queue | Villager (Male) |
| 19:52 | Queue | Villager (Male) |
| 19:56 | Build | Farm |
| 20:03 | Build | Palisade Wall |
| 20:04 | Build | Palisade Wall |
| 20:08 | Build | Palisade Wall |
| 20:09 | Build | Palisade Wall |
| 20:10 | Build | Palisade Wall |
| 20:13 | Build | Palisade Wall |
| 20:14 | Build | Palisade Wall |
| 20:14 | Build | Palisade Wall |
| 20:21 | Queue | Villager (Male) |
| 20:25 | Queue | Villager (Male) |
| 20:25 | Queue | Villager (Male) |
| 20:32 | Queue | Villager (Male) |
| 20:32 | Queue | Villager (Male) |
| 20:46 | Build | Town Center |
| 20:54 | Queue | Villager (Male) |
| 20:57 | Build | Farm |
| 21:01 | Build | Farm |
| 21:03 | Queue | Villager (Male) |
| 21:03 | Queue | Villager (Male) |
| 21:24 | Queue | Villager (Male) |
| 21:24 | Queue | Villager (Male) |
| 21:32 | Build | Outpost |
| 21:33 | Queue | Villager (Male) |
| 21:33 | Queue | Villager (Male) |
| 21:40 | Queue | Villager (Male) |
| 21:40 | Queue | Villager (Male) |
| 22:04 | Queue | Villager (Male) |
| 22:04 | Queue | Villager (Male) |
| 22:11 | Build | Monastery |
| 22:16 | Queue | Villager (Male) |
| 22:16 | Queue | Villager (Male) |
| 22:16 | Queue | Villager (Male) |
| 22:22 | Queue | Villager (Male) |
| 22:23 | Queue | Villager (Male) |
| 22:36 | Build | Outpost |
| 22:38 | Queue | Villager (Male) |
| 22:43 | Queue | Villager (Male) |
| 22:43 | Queue | Villager (Male) |
| 22:50 | Queue | Monk |
| 23:01 | Build | Farm |
| 23:01 | Build | Farm |
| 23:02 | Build | Farm |
| 23:02 | Build | Farm |
| 23:02 | Build | Farm |
| 23:03 | Queue | Villager (Male) |
| 23:03 | Queue | Villager (Male) |
| 23:10 | Queue | Villager (Male) |
| 23:11 | Queue | Villager (Male) |
| 23:11 | Queue | Villager (Male) |
| 23:16 | Queue | Villager (Male) |
| 23:16 | Queue | Villager (Male) |
| 23:21 | Build | Outpost |
| 23:31 | Queue | Villager (Male) |
| 23:43 | Build | Outpost |
Build order — Ancalagon14
First 150 of 419 actions detected
| 0:02 | Queue | Villager (Male) |
| 0:03 | Build | House |
| 0:04 | Build | House |
| 0:07 | Queue | Villager (Male) |
| 0:07 | Queue | Villager (Male) |
| 0:07 | Queue | Villager (Male) |
| 0:08 | Queue | Villager (Male) |
| 1:33 | Queue | Villager (Male) |
| 1:33 | Queue | Villager (Male) |
| 1:33 | Queue | Villager (Male) |
| 2:05 | Queue | Villager (Male) |
| 2:11 | Build | Settlement |
| 2:29 | Queue | Villager (Male) |
| 2:53 | Queue | Villager (Male) |
| 3:50 | Queue | Villager (Male) |
| 4:07 | Queue | Villager (Male) |
| 4:35 | Queue | Villager (Male) |
| 4:39 | Build | House |
| 4:43 | Queue | Villager (Male) |
| 4:55 | Queue | Villager (Male) |
| 5:57 | Queue | Villager (Male) |
| 6:08 | Build | Settlement |
| 6:17 | Queue | Villager (Male) |
| 6:26 | Queue | Villager (Male) |
| 6:32 | Build | House |
| 6:34 | Build | Palisade Wall |
| 6:50 | Queue | Villager (Male) |
| 7:03 | Queue | Villager (Male) |
| 7:19 | Queue | Villager (Male) |
| 7:27 | Queue | Villager (Male) |
| 7:46 | Build | Farm |
| 7:48 | Build | Farm |
| 7:52 | Build | Farm |
| 8:20 | Queue | Villager (Male) |
| 8:34 | Build | Outpost |
| 9:02 | Build | Settlement |
| 9:16 | Research | Feudal Age |
| 11:27 | Age | Feudal Age |
| 11:27 | Queue | Villager (Male) |
| 11:28 | Queue | Villager (Male) |
| 11:32 | Build | Market |
| 11:35 | Build | Blacksmith |
| 12:34 | Research | Castle Age |
| 12:34 | Research | Castle Age |
| 12:38 | Research | Double-Bit Axe |
| 13:07 | Build | Farm |
| 13:07 | Build | Farm |
| 13:08 | Build | Farm |
| 13:08 | Build | Farm |
| 13:15 | Build | Farm |
| 13:44 | Research | Fletching |
| 13:52 | Build | House |
| 13:54 | Build | House |
| 14:15 | Queue | Villager (Male) |
| 14:15 | Queue | Villager (Male) |
| 14:53 | Build | Palisade Gate |
| 15:14 | Age | Castle Age |
| 15:16 | Build | Town Center |
| 15:51 | Queue | Villager (Male) |
| 16:16 | Queue | Villager (Male) |
| 16:26 | Queue | Villager (Male) |
| 16:26 | Queue | Villager (Male) |
| 16:27 | Queue | Villager (Male) |
| 16:55 | Queue | Villager (Male) |
| 17:27 | Build | Castle |
| 17:37 | Queue | Villager (Male) |
| 17:37 | Queue | Villager (Male) |
| 17:38 | Queue | Villager (Male) |
| 17:39 | Research | Bodkin Arrow |
| 17:51 | Queue | Villager (Male) |
| 17:51 | Queue | Villager (Male) |
| 18:02 | Build | Town Center |
| 18:13 | Queue | Villager (Male) |
| 18:13 | Queue | Villager (Male) |
| 18:36 | Queue | Unit 2579 |
| 18:36 | Queue | Unit 2579 |
| 18:40 | Queue | Villager (Male) |
| 18:56 | Queue | Villager (Male) |
| 19:08 | Queue | Unit 2579 |
| 19:14 | Build | Farm |
| 19:14 | Build | Farm |
| 19:14 | Build | Farm |
| 19:15 | Build | Farm |
| 19:17 | Queue | Villager (Male) |
| 19:18 | Queue | Unit 2579 |
| 19:38 | Queue | Unit 2579 |
| 19:40 | Queue | Villager (Male) |
| 19:40 | Queue | Villager (Male) |
| 19:44 | Build | Farm |
| 19:45 | Build | Farm |
| 19:48 | Queue | Villager (Male) |
| 19:57 | Queue | Unit 2579 |
| 20:08 | Queue | Villager (Male) |
| 20:09 | Queue | Villager (Male) |
| 20:15 | Queue | Unit 2579 |
| 20:19 | Build | Farm |
| 20:20 | Build | Farm |
| 20:23 | Build | Farm |
| 20:26 | Queue | Unit 2579 |
| 20:27 | Queue | Villager (Male) |
| 20:28 | Queue | Villager (Male) |
| 21:04 | Queue | Unit 2579 |
| 21:04 | Queue | Unit 2579 |
| 21:04 | Queue | Villager (Male) |
| 21:05 | Queue | Villager (Male) |
| 21:07 | Queue | Unit 2579 |
| 21:08 | Queue | Villager (Male) |
| 21:08 | Queue | Villager (Male) |
| 21:08 | Queue | Villager (Male) |
| 21:13 | Build | Farm |
| 21:13 | Build | Farm |
| 21:13 | Build | Farm |
| 21:14 | Build | Farm |
| 21:21 | Queue | Unit 2579 |
| 21:34 | Queue | Unit 2579 |
| 21:35 | Queue | Villager (Male) |
| 21:36 | Queue | Villager (Male) |
| 21:36 | Queue | Villager (Male) |
| 21:37 | Queue | Villager (Male) |
| 21:43 | Build | Farm |
| 21:43 | Build | Farm |
| 21:47 | Research | Horse Collar |
| 21:56 | Queue | Unit 2579 |
| 22:25 | Queue | Unit 2579 |
| 22:25 | Queue | Unit 2579 |
| 22:25 | Queue | Villager (Male) |
| 22:26 | Queue | Villager (Male) |
| 22:26 | Queue | Villager (Male) |
| 22:26 | Queue | Villager (Male) |
| 22:26 | Queue | Villager (Male) |
| 22:26 | Queue | Villager (Male) |
| 22:41 | Research | Padded Archer Armor |
| 22:45 | Queue | Unit 2579 |
| 22:45 | Queue | Unit 2579 |
| 22:52 | Queue | Villager (Male) |
| 22:52 | Queue | Villager (Male) |
| 22:59 | Queue | Villager (Male) |
| 23:06 | Queue | Unit 2579 |
| 23:22 | Queue | Unit 2579 |
| 23:23 | Queue | Villager (Male) |
| 23:23 | Queue | Villager (Male) |
| 23:59 | Queue | Unit 2579 |
| 23:59 | Queue | Unit 2579 |
| 23:59 | Queue | Villager (Male) |
| 24:00 | Queue | Villager (Male) |
| 24:00 | Queue | Villager (Male) |
| 24:00 | Queue | Villager (Male) |
| 24:03 | Research | Loom |
| 24:03 | Research | Loom |
| 24:04 | Research | Wheelbarrow |
Build order — VENÓN | Pura Vida
First 150 of 509 actions detected
| 0:00 | Queue | Villager (Male) |
| 0:01 | Queue | Villager (Male) |
| 0:02 | Build | House |
| 0:02 | Build | House |
| 0:38 | Queue | Villager (Male) |
| 0:38 | Queue | Villager (Male) |
| 1:25 | Build | Lumber Camp |
| 1:34 | Queue | Villager (Male) |
| 1:34 | Queue | Villager (Male) |
| 2:13 | Queue | Villager (Male) |
| 2:37 | Queue | Villager (Male) |
| 2:37 | Queue | Villager (Male) |
| 3:07 | Queue | Villager (Male) |
| 3:08 | Queue | Villager (Male) |
| 3:21 | Queue | Villager (Male) |
| 3:28 | Build | House |
| 3:34 | Queue | Villager (Male) |
| 3:35 | Queue | Villager (Male) |
| 4:15 | Queue | Villager (Male) |
| 4:15 | Queue | Villager (Male) |
| 4:17 | Build | House |
| 4:37 | Queue | Villager (Male) |
| 4:40 | Build | Mill |
| 5:02 | Queue | Villager (Male) |
| 5:43 | Research | Loom |
| 6:17 | Research | Feudal Age |
| 6:17 | Research | Feudal Age |
| 6:48 | Queue | Villager (Male) |
| 7:22 | Build | Barracks |
| 8:27 | Age | Feudal Age |
| 8:27 | Queue | Villager (Male) |
| 8:29 | Research | Double-Bit Axe |
| 8:32 | Build | Stable |
| 8:55 | Build | Palisade Gate |
| 9:02 | Queue | Villager (Male) |
| 9:19 | Queue | Scout Cavalry |
| 9:20 | Queue | Scout Cavalry |
| 9:28 | Queue | Villager (Male) |
| 9:38 | Research | Horse Collar |
| 9:47 | Build | House |
| 9:56 | Queue | Villager (Male) |
| 10:01 | Queue | Villager (Male) |
| 10:04 | Build | Farm |
| 10:06 | Build | Farm |
| 10:28 | Queue | Scout Cavalry |
| 10:32 | Build | Farm |
| 10:57 | Queue | Villager (Male) |
| 10:57 | Queue | Villager (Male) |
| 11:13 | Queue | Villager (Male) |
| 11:13 | Queue | Villager (Male) |
| 11:20 | Build | Farm |
| 11:44 | Queue | Villager (Male) |
| 11:46 | Build | Mining Camp |
| 12:19 | Build | Farm |
| 12:21 | Queue | Villager (Male) |
| 12:23 | Build | House |
| 12:44 | Queue | Villager (Male) |
| 12:49 | Queue | Villager (Male) |
| 12:59 | Build | Market |
| 13:21 | Queue | Scout Cavalry |
| 13:32 | Build | Farm |
| 13:34 | Queue | Villager (Male) |
| 13:37 | Queue | Scout Cavalry |
| 13:48 | Build | Farm |
| 13:51 | Build | Farm |
| 14:00 | Queue | Villager (Male) |
| 14:09 | Build | House |
| 14:17 | Queue | Scout Cavalry |
| 14:22 | Queue | Villager (Male) |
| 14:29 | Build | Blacksmith |
| 14:53 | Queue | Villager (Male) |
| 15:03 | Build | Lumber Camp |
| 15:12 | Build | House |
| 15:22 | Queue | Villager (Male) |
| 15:44 | Build | Stone Wall |
| 15:52 | Queue | Villager (Male) |
| 15:54 | Build | Mining Camp |
| 15:57 | Build | Farm |
| 16:19 | Queue | Villager (Male) |
| 16:20 | Build | Farm |
| 16:44 | Build | Lumber Camp |
| 16:52 | Research | Castle Age |
| 17:23 | Build | Farm |
| 17:24 | Research | Gold Mining |
| 17:24 | Research | Gold Mining |
| 17:27 | Build | Farm |
| 17:30 | Queue | Villager (Male) |
| 18:21 | Build | Gate |
| 19:13 | Build | Farm |
| 19:30 | Queue | Villager (Male) |
| 19:32 | Age | Castle Age |
| 19:34 | Queue | Villager (Male) |
| 19:37 | Build | Town Center |
| 19:44 | Research | Light Cavalry (upgrade) |
| 19:45 | Queue | Villager (Male) |
| 19:55 | Queue | Villager (Male) |
| 19:55 | Queue | Villager (Male) |
| 20:20 | Queue | Villager (Male) |
| 20:21 | Queue | Villager (Male) |
| 20:25 | Build | Town Center |
| 20:34 | Research | Bow Saw |
| 20:35 | Research | Bow Saw |
| 20:36 | Research | Heavy Plow |
| 20:36 | Research | Heavy Plow |
| 20:39 | Queue | Villager (Male) |
| 20:53 | Queue | Villager (Male) |
| 20:57 | Queue | Villager (Male) |
| 20:59 | Queue | Villager (Male) |
| 21:02 | Build | Monastery |
| 21:05 | Queue | Villager (Male) |
| 21:07 | Queue | Villager (Male) |
| 21:16 | Build | Town Center |
| 21:23 | Queue | Villager (Male) |
| 21:25 | Queue | Villager (Male) |
| 21:36 | Queue | Villager (Male) |
| 21:36 | Queue | Villager (Male) |
| 21:43 | Queue | Villager (Male) |
| 21:47 | Build | Farm |
| 21:49 | Build | Farm |
| 21:52 | Build | Farm |
| 21:57 | Build | House |
| 21:58 | Queue | Monk |
| 22:04 | Queue | Villager (Male) |
| 22:05 | Queue | Villager (Male) |
| 22:13 | Build | Farm |
| 22:19 | Queue | Villager (Male) |
| 22:28 | Queue | Villager (Male) |
| 22:28 | Queue | Villager (Male) |
| 22:32 | Build | Farm |
| 22:34 | Build | House |
| 22:34 | Build | House |
| 22:42 | Queue | Monk |
| 22:43 | Queue | Villager (Male) |
| 22:43 | Queue | Villager (Male) |
| 22:53 | Build | Farm |
| 22:55 | Queue | Villager (Male) |
| 22:55 | Queue | Villager (Male) |
| 22:58 | Queue | Villager (Male) |
| 22:58 | Queue | Villager (Male) |
| 23:03 | Queue | Villager (Male) |
| 23:19 | Queue | Villager (Male) |
| 23:23 | Queue | Villager (Male) |
| 23:26 | Build | Farm |
| 23:28 | Build | Farm |
| 23:29 | Queue | Villager (Male) |
| 23:29 | Queue | Villager (Male) |
| 23:34 | Build | House |
| 23:37 | Queue | Villager (Male) |
| 23:42 | Build | Farm |
| 23:44 | Queue | Villager (Male) |
Build order — Ux'el noruego
First 150 of 332 actions detected
| 0:01 | Queue | Villager (Male) |
| 0:02 | Build | House |
| 0:03 | Build | House |
| 0:15 | Queue | Villager (Male) |
| 0:15 | Queue | Villager (Male) |
| 0:16 | Queue | Villager (Male) |
| 0:16 | Queue | Villager (Male) |
| 1:25 | Queue | Villager (Male) |
| 1:26 | Queue | Villager (Male) |
| 2:00 | Queue | Villager (Male) |
| 2:00 | Queue | Villager (Male) |
| 2:15 | Queue | Villager (Male) |
| 2:15 | Queue | Villager (Male) |
| 2:19 | Build | Lumber Camp |
| 2:31 | Queue | Villager (Male) |
| 2:31 | Queue | Villager (Male) |
| 3:03 | Queue | Villager (Male) |
| 3:23 | Queue | Villager (Male) |
| 3:52 | Build | House |
| 3:59 | Queue | Villager (Male) |
| 4:00 | Queue | Villager (Male) |
| 4:29 | Build | House |
| 4:30 | Build | Palisade Wall |
| 4:35 | Queue | Villager (Male) |
| 4:55 | Build | Palisade Wall |
| 4:56 | Build | Palisade Wall |
| 5:01 | Queue | Villager (Male) |
| 5:18 | Queue | Villager (Male) |
| 5:32 | Queue | Villager (Male) |
| 5:55 | Build | Barracks |
| 6:13 | Build | Palisade Gate |
| 6:16 | Build | House |
| 6:19 | Queue | Villager (Male) |
| 6:43 | Queue | Villager (Male) |
| 7:19 | Research | Feudal Age |
| 7:19 | Research | Feudal Age |
| 7:30 | Build | Mining Camp |
| 7:55 | Queue | Militia |
| 8:06 | Queue | Militia |
| 8:13 | Queue | Militia |
| 8:45 | Queue | Militia |
| 9:00 | Build | House |
| 9:01 | Build | House |
| 9:02 | Build | House |
| 9:12 | Queue | Villager (Male) |
| 9:29 | Age | Feudal Age |
| 9:32 | Research | Man-at-Arms (upgrade) |
| 9:40 | Queue | Villager (Male) |
| 9:51 | Build | Mill |
| 10:05 | Research | Arson |
| 10:05 | Research | Arson |
| 10:06 | Research | Arson |
| 10:11 | Queue | Villager (Male) |
| 10:27 | Queue | Militia |
| 10:35 | Build | House |
| 10:40 | Queue | Militia |
| 10:49 | Queue | Villager (Male) |
| 10:49 | Queue | Villager (Male) |
| 11:11 | Queue | Villager (Male) |
| 12:04 | Queue | Villager (Male) |
| 12:07 | Build | Farm |
| 12:08 | Build | Farm |
| 12:16 | Queue | Villager (Male) |
| 12:21 | Research | Horse Collar |
| 12:46 | Queue | Villager (Male) |
| 12:49 | Build | Farm |
| 12:50 | Build | Farm |
| 12:53 | Build | Farm |
| 13:02 | Queue | Villager (Male) |
| 13:04 | Build | Farm |
| 13:26 | Build | Farm |
| 13:29 | Build | Lumber Camp |
| 13:32 | Queue | Villager (Male) |
| 13:45 | Build | Farm |
| 13:47 | Build | Farm |
| 13:58 | Queue | Villager (Male) |
| 14:22 | Queue | Villager (Male) |
| 14:26 | Build | Farm |
| 14:32 | Queue | Villager (Male) |
| 14:36 | Build | Farm |
| 14:47 | Queue | Villager (Male) |
| 14:50 | Build | Stone Wall |
| 14:54 | Build | Gate |
| 14:56 | Build | Stone Wall |
| 15:00 | Build | Stone Wall |
| 15:04 | Build | Stone Wall |
| 15:04 | Queue | Villager (Male) |
| 15:06 | Queue | Villager (Male) |
| 15:15 | Build | Market |
| 15:19 | Queue | Villager (Male) |
| 15:26 | Build | Farm |
| 15:27 | Build | Farm |
| 15:44 | Queue | Villager (Male) |
| 15:51 | Build | Farm |
| 16:00 | Build | Mining Camp |
| 16:12 | Queue | Villager (Male) |
| 16:27 | Queue | Villager (Male) |
| 16:48 | Research | Loom |
| 17:05 | Build | Stone Wall |
| 17:07 | Build | Stone Wall |
| 17:16 | Build | Stone Wall |
| 17:23 | Queue | Villager (Male) |
| 17:25 | Build | Blacksmith |
| 17:40 | Build | Watch Tower |
| 17:47 | Queue | Villager (Male) |
| 17:58 | Research | Castle Age |
| 17:59 | Research | Castle Age |
| 18:23 | Build | House |
| 18:26 | Build | House |
| 18:27 | Build | House |
| 18:29 | Build | House |
| 18:30 | Build | House |
| 19:10 | Build | House |
| 19:20 | Queue | Villager (Male) |
| 19:24 | Queue | Villager (Male) |
| 19:29 | Queue | Villager (Male) |
| 19:31 | Build | Watch Tower |
| 20:46 | Queue | Villager (Male) |
| 21:00 | Age | Castle Age |
| 21:15 | Queue | Villager (Male) |
| 21:18 | Build | Siege Workshop |
| 21:28 | Research | Heavy Plow |
| 21:28 | Research | Heavy Plow |
| 21:55 | Build | Town Center |
| 22:00 | Queue | Mangonel |
| 22:13 | Research | Stone Mining |
| 22:13 | Research | Stone Mining |
| 22:14 | Research | Gold Mining |
| 22:27 | Build | House |
| 22:27 | Build | House |
| 22:28 | Build | House |
| 22:46 | Queue | Villager (Male) |
| 22:46 | Queue | Villager (Male) |
| 23:06 | Queue | Mangonel |
| 23:09 | Queue | Villager (Male) |
| 23:09 | Queue | Villager (Male) |
| 23:09 | Queue | Villager (Male) |
| 23:10 | Queue | Villager (Male) |
| 23:26 | Build | Monastery |
| 23:33 | Queue | Villager (Male) |
| 23:33 | Queue | Villager (Male) |
| 23:49 | Queue | Mangonel |
| 23:55 | Build | Farm |
| 23:55 | Build | Farm |
| 24:06 | Build | Lumber Camp |
| 24:28 | Queue | Monk |
| 24:28 | Queue | Monk |
| 24:37 | Queue | Villager (Male) |
| 24:42 | Queue | Villager (Male) |
| 25:05 | Queue | Villager (Male) |
Build order — VENON | Sigfridinho
First 150 of 565 actions detected
| 0:01 | Queue | Villager (Male) ×4 |
| 0:02 | Build | House |
| 0:03 | Build | House |
| 1:10 | Queue | Villager (Male) |
| 1:37 | Queue | Villager (Male) |
| 1:46 | Build | Lumber Camp |
| 2:03 | Queue | Villager (Male) |
| 2:49 | Queue | Villager (Male) |
| 2:59 | Build | House |
| 3:08 | Queue | Villager (Male) |
| 3:09 | Queue | Villager (Male) |
| 3:28 | Queue | Villager (Male) |
| 4:06 | Queue | Villager (Male) |
| 4:22 | Queue | Villager (Male) |
| 4:48 | Queue | Villager (Male) |
| 4:55 | Build | Barracks |
| 5:06 | Queue | Villager (Male) |
| 5:34 | Queue | Villager (Male) |
| 6:04 | Queue | Villager (Male) |
| 6:08 | Research | Loom |
| 6:39 | Research | Loom |
| 6:43 | Build | Mining Camp |
| 6:48 | Research | Feudal Age |
| 6:48 | Research | Feudal Age |
| 7:02 | Queue | Militia |
| 7:17 | Build | Palisade Wall |
| 7:31 | Queue | Militia |
| 7:46 | Queue | Militia |
| 8:10 | Build | Palisade Wall |
| 8:13 | Build | House |
| 8:36 | Queue | Villager (Male) |
| 8:38 | Build | Mill |
| 9:16 | Age | Feudal Age |
| 9:18 | Research | Man-at-Arms (upgrade) |
| 9:20 | Queue | Villager (Male) |
| 10:10 | Queue | Villager (Male) |
| 10:10 | Queue | Villager (Male) |
| 10:28 | Queue | Villager (Male) |
| 10:38 | Queue | Villager (Male) |
| 10:42 | Build | House |
| 11:26 | Queue | Villager (Male) |
| 11:29 | Build | Farm |
| 11:30 | Research | Double-Bit Axe |
| 11:36 | Build | House |
| 11:40 | Build | House |
| 11:52 | Queue | Villager (Male) |
| 11:53 | Build | Farm |
| 12:24 | Queue | Villager (Male) |
| 12:43 | Queue | Villager (Male) |
| 12:46 | Build | Farm |
| 12:46 | Build | Farm |
| 12:47 | Build | Farm |
| 12:49 | Build | Market |
| 13:01 | Queue | Villager (Male) |
| 13:11 | Research | Horse Collar |
| 13:21 | Queue | Villager (Male) |
| 13:45 | Queue | Villager (Male) |
| 13:46 | Build | Farm |
| 14:03 | Queue | Villager (Male) |
| 14:05 | Build | Farm |
| 14:15 | Queue | Villager (Male) |
| 14:16 | Build | House |
| 14:33 | Queue | Villager (Male) |
| 14:34 | Build | Farm |
| 14:36 | Build | House |
| 14:56 | Queue | Villager (Male) |
| 14:58 | Build | Blacksmith |
| 15:13 | Build | House |
| 16:00 | Build | House |
| 16:25 | Queue | Villager (Male) |
| 16:26 | Queue | Villager (Male) |
| 16:29 | Research | Castle Age |
| 16:56 | Build | Farm |
| 18:02 | Queue | Villager (Male) |
| 18:02 | Queue | Villager (Male) |
| 18:12 | Build | Farm |
| 18:26 | Research | Gold Mining |
| 19:09 | Age | Castle Age |
| 19:09 | Research | Bow Saw |
| 19:11 | Research | Heavy Plow |
| 19:11 | Research | Heavy Plow |
| 19:14 | Build | Town Center |
| 19:17 | Build | Siege Workshop |
| 19:22 | Research | Wheelbarrow |
| 19:24 | Queue | Villager (Male) |
| 19:31 | Build | Lumber Camp |
| 19:39 | Queue | Villager (Male) |
| 19:59 | Build | Monastery |
| 20:04 | Queue | Mangonel |
| 20:20 | Build | Gate |
| 20:21 | Build | Stone Wall |
| 20:26 | Queue | Villager (Male) |
| 20:37 | Queue | Villager (Male) |
| 20:44 | Queue | Monk |
| 20:46 | Build | House |
| 20:47 | Build | House |
| 20:49 | Queue | Villager (Male) |
| 20:49 | Queue | Villager (Male) |
| 20:51 | Queue | Villager (Male) |
| 20:53 | Research | Sanctity |
| 21:02 | Queue | Scorpion |
| 21:30 | Queue | Scorpion |
| 21:35 | Queue | Villager (Male) |
| 21:35 | Queue | Villager (Male) |
| 21:40 | Build | Mining Camp |
| 21:42 | Build | House |
| 21:55 | Queue | Villager (Male) |
| 22:06 | Build | Outpost |
| 22:08 | Queue | Villager (Male) |
| 22:11 | Queue | Villager (Male) |
| 22:15 | Build | Farm |
| 22:15 | Build | Farm |
| 22:17 | Build | Farm |
| 22:17 | Build | Farm |
| 22:17 | Build | Farm |
| 22:18 | Build | Farm |
| 22:18 | Build | Farm |
| 22:20 | Queue | Villager (Male) |
| 22:29 | Queue | Scorpion |
| 22:33 | Queue | Monk |
| 22:41 | Queue | Villager (Male) |
| 22:48 | Build | Monastery |
| 22:51 | Queue | Villager (Male) |
| 22:52 | Queue | Villager (Male) |
| 22:59 | Queue | Mangonel |
| 23:10 | Build | Outpost |
| 23:10 | Queue | Villager (Male) |
| 23:17 | Queue | Villager (Male) |
| 23:26 | Queue | Villager (Male) |
| 23:34 | Build | Town Center |
| 23:42 | Research | Town Watch |
| 23:43 | Queue | Monk |
| 23:47 | Queue | Monk |
| 23:47 | Queue | Monk |
| 24:02 | Build | Outpost |
| 24:10 | Queue | Scorpion |
| 24:12 | Queue | Villager (Male) |
| 24:13 | Build | Farm |
| 24:14 | Build | Farm |
| 24:14 | Build | Farm |
| 24:14 | Build | Farm |
| 24:14 | Build | Farm |
| 24:15 | Build | Farm |
| 24:15 | Build | Farm |
| 24:17 | Queue | Villager (Male) |
| 24:26 | Queue | Villager (Male) |
| 24:38 | Build | Outpost |
| 24:43 | Queue | Villager (Male) |
| 24:45 | Queue | Villager (Male) |
| 24:47 | Queue | Monk |
Match timeline
| 4:21 | VENÓN | Mauricio · wall_segment Palisade Wall x5 |
| 4:30 | Ux'el noruego · wall_segment Palisade Wall x1 |
| 4:55 | Ux'el noruego · wall_segment Palisade Wall x1 |
| 4:55 | VENON | Sigfridinho · first_building Barracks |
| 4:56 | Ux'el noruego · wall_segment Palisade Wall x1 |
| 5:43 | CTM | Lelouch · wall_segment Palisade Wall x10 |
| 5:47 | VENÓN | Mauricio · wall_segment Palisade Wall x1 |
| 5:55 | Ux'el noruego · first_building Barracks |
| 6:34 | Ancalagon14 · wall_segment Palisade Wall x7 |
| 6:48 | APZz_ · wall_segment Palisade Wall x5 |
| 7:17 | VENON | Sigfridinho · wall_segment Palisade Wall x7 |
| 7:22 | VENÓN | Pura Vida · first_building Barracks |
| 8:07 | APZz_ · wall_segment Palisade Wall x5 |
| 8:10 | VENON | Sigfridinho · wall_segment Palisade Wall x1 |
| 8:13 | NYU · first_building Barracks |
| 8:27 | VENÓN | Pura Vida · age_up feudal |
| 8:32 | VENÓN | Pura Vida · first_building Stable |
| 8:56 | APZz_ · wall_segment Palisade Wall x1 |
| 9:16 | VENON | Sigfridinho · age_up feudal |
| 9:23 | NYU · age_up feudal |
| 9:26 | CTM | Lelouch · wall_segment Palisade Wall x1 |
| 9:28 | NYU · first_building Stable |
| 9:28 | CTM | Lelouch · wall_segment Palisade Wall x1 |
| 9:29 | Ux'el noruego · age_up feudal |
| 10:04 | CTM | Lelouch · wall_segment Palisade Wall x1 |
| 10:06 | CTM | Lelouch · age_up feudal |
| 10:14 | CTM | Lelouch · wall_segment Palisade Wall x1 |
| 10:31 | NYU · wall_segment Palisade Wall x5 |
| 10:32 | CTM | Lelouch · wall_segment Palisade Wall x1 |
| 10:55 | CTM | Lelouch · wall_segment Palisade Wall x1 |
| 10:56 | APZz_ · age_up feudal |
| 10:57 | VENÓN | Mauricio · age_up feudal |
| 11:00 | VENÓN | Mauricio · wall_segment Stone Wall x4 |
| 11:27 | VENÓN | Mauricio · wall_segment Stone Wall x1 |
| 11:27 | Ancalagon14 · age_up feudal |
| 11:30 | CTM | Lelouch · wall_segment Palisade Wall x1 |
| 11:31 | CTM | Lelouch · wall_segment Palisade Wall x1 |
| 11:32 | VENÓN | Mauricio · wall_segment Stone Wall x5 |
| 11:38 | VENÓN | Mauricio · wall_segment Stone Wall x5 |
| 11:40 | VENÓN | Mauricio · wall_segment Stone Wall x1 |
| 11:46 | VENÓN | Mauricio · wall_segment Stone Wall x1 |
| 11:49 | VENÓN | Mauricio · wall_segment Stone Wall x1 |
| 11:50 | VENÓN | Mauricio · wall_segment Stone Wall x1 |
| 11:53 | VENÓN | Mauricio · wall_segment Stone Wall x1 |
| 11:55 | VENÓN | Mauricio · wall_segment Stone Wall x1 |
| 11:58 | VENÓN | Mauricio · wall_segment Stone Wall x1 |
| 12:09 | VENÓN | Mauricio · wall_segment Stone Wall x1 |
| 12:33 | CTM | Lelouch · first_market_sell 100 stone |
| 12:36 | VENÓN | Mauricio · first_market_sell 100 stone |
| 12:43 | CTM | Lelouch · first_market_buy 100 food |
| 12:49 | NYU · wall_segment Stone Wall x6 |
| 12:50 | CTM | Lelouch · wall_segment Palisade Wall x1 |
| 14:26 | APZz_ · age_up castle |
| 14:36 | APZz_ · first_building Castle |
| 14:49 | VENON | Sigfridinho · first_market_buy 100 food |
| 14:50 | Ux'el noruego · wall_segment Stone Wall x1 |
| 14:56 | Ux'el noruego · wall_segment Stone Wall x3 |
| 15:00 | Ux'el noruego · wall_segment Stone Wall x3 |
| 15:04 | Ux'el noruego · wall_segment Stone Wall x9 |
| 15:14 | Ancalagon14 · age_up castle |
| 15:18 | VENÓN | Mauricio · wall_segment Stone Wall x1 |
| 15:23 | VENÓN | Mauricio · wall_segment Stone Wall x1 |
| 15:26 | VENÓN | Mauricio · age_up castle |
| 15:33 | VENON | Sigfridinho · first_market_sell 100 wood |
| 15:37 | CTM | Lelouch · age_up castle |
| 15:44 | VENÓN | Pura Vida · wall_segment Stone Wall x11 |
| 15:55 | NYU · first_market_sell 100 food |
| 16:13 | APZz_ · wall_segment Stone Wall x5 |
| 16:13 | VENÓN | Mauricio · first_building Castle |
| 16:14 | APZz_ · wall_segment Stone Wall x6 |
| 16:44 | VENÓN | Mauricio · first_market_buy 100 food |
| 17:05 | Ux'el noruego · wall_segment Stone Wall x1 |
| 17:07 | Ux'el noruego · wall_segment Stone Wall x1 |
| 17:16 | Ux'el noruego · wall_segment Stone Wall x4 |
| 17:27 | Ancalagon14 · first_building Castle |
| 18:36 | NYU · age_up castle |
| 19:09 | VENON | Sigfridinho · age_up castle |
| 19:17 | VENON | Sigfridinho · first_building Siege Workshop |
| 19:32 | VENÓN | Pura Vida · age_up castle |
| 19:59 | VENON | Sigfridinho · first_building Monastery |
| 20:03 | CTM | Lelouch · wall_segment Palisade Wall x1 |
| 20:04 | CTM | Lelouch · wall_segment Palisade Wall x1 |
| 20:08 | CTM | Lelouch · wall_segment Palisade Wall x1 |
| 20:09 | CTM | Lelouch · wall_segment Palisade Wall x1 |
| 20:10 | CTM | Lelouch · wall_segment Palisade Wall x1 |
| 20:13 | CTM | Lelouch · wall_segment Palisade Wall x1 |
| 20:14 | CTM | Lelouch · wall_segment Palisade Wall x1 |
| 20:14 | CTM | Lelouch · wall_segment Palisade Wall x1 |
| 20:21 | VENON | Sigfridinho · wall_segment Stone Wall x1 |
| 20:23 | VENÓN | Mauricio · first_building Siege Workshop |
| 21:00 | Ux'el noruego · age_up castle |
| 21:02 | VENÓN | Pura Vida · first_building Monastery |
| 21:18 | Ux'el noruego · first_building Siege Workshop |
| 22:00 | APZz_ · first_building Monastery |
| 22:11 | CTM | Lelouch · first_building Monastery |
| 22:57 | VENÓN | Pura Vida · first_market_buy 100 food |
| 23:26 | Ux'el noruego · first_building Monastery |
| 23:54 | CTM | Lelouch · first_building Siege Workshop |
| 24:11 | VENÓN | Pura Vida · first_building Castle |
| 27:19 | VENÓN | Pura Vida · first_market_sell 100 food |
| 27:26 | Ux'el noruego · first_market_sell 100 wood |
| 28:14 | Ancalagon14 · first_market_sell 100 food |
| 29:09 | CTM | Lelouch · first_building Castle |
| 29:40 | VENÓN | Pura Vida · first_building Siege Workshop |
| 30:00 | Ancalagon14 · first_market_buy 100 stone |
| 30:11 | APZz_ · first_market_buy 100 food |
| 30:28 | Ux'el noruego · first_market_buy 100 stone |
| 30:30 | VENÓN | Pura Vida · age_up imperial |
| 30:40 | Ux'el noruego · first_building Castle |
| 31:35 | VENON | Sigfridinho · age_up imperial |
| 31:43 | Ancalagon14 · age_up imperial |
| 31:52 | NYU · first_building Monastery |
| 32:02 | CTM | Lelouch · first_building Barracks |
| 32:22 | Ux'el noruego · first_building Stable |
| 32:27 | APZz_ · first_building Siege Workshop |
| 32:53 | CTM | Lelouch · wall_segment Stone Wall x6 |
| 33:03 | NYU · first_building Castle |
| 33:21 | CTM | Lelouch · first_building Archery Range |
| 33:31 | APZz_ · age_up imperial |
| 33:39 | CTM | Lelouch · wall_segment Stone Wall x1 |
| 33:47 | APZz_ · first_market_sell 100 food |
| 33:55 | VENÓN | Pura Vida · first_building Archery Range |
| 34:14 | CTM | Lelouch · wall_segment Palisade Wall x1 |
| 35:44 | NYU · age_up imperial |
| 36:22 | VENÓN | Pura Vida · tribute_sent a jugador 1 |
| 36:22 | VENÓN | Pura Vida · tribute_sent a jugador 2 |
| 36:22 | VENÓN | Pura Vida · tribute_sent a jugador 3 |
| 36:22 | VENÓN | Pura Vida · tribute_sent a jugador 4 |
| 36:22 | VENÓN | Pura Vida · tribute_sent a jugador 5 |
| 36:22 | VENÓN | Pura Vida · tribute_sent a jugador 7 |
| 36:22 | VENÓN | Pura Vida · tribute_sent a jugador 8 |
| 36:30 | VENÓN | Mauricio · age_up imperial |
| 36:32 | CTM | Lelouch · wall_segment Stone Wall x1 |
| 36:36 | CTM | Lelouch · wall_segment Stone Wall x1 |
| 37:03 | CTM | Lelouch · wall_segment Stone Wall x1 |
| 37:06 | CTM | Lelouch · wall_segment Stone Wall x1 |
| 37:08 | CTM | Lelouch · wall_segment Stone Wall x2 |
| 39:09 | CTM | Lelouch · wall_segment Stone Wall x1 |
| 39:28 | Ancalagon14 · tribute_sent a jugador 1 |
| 39:28 | Ancalagon14 · tribute_sent a jugador 2 |
| 39:28 | Ancalagon14 · tribute_sent a jugador 3 |
| 39:28 | Ancalagon14 · tribute_sent a jugador 4 |
| 39:28 | Ancalagon14 · tribute_sent a jugador 6 |
| 39:28 | Ancalagon14 · tribute_sent a jugador 7 |
| 39:28 | Ancalagon14 · tribute_sent a jugador 8 |
| 39:47 | CTM | Lelouch · wall_segment Stone Wall x2 |
| 39:51 | Ancalagon14 · first_building Barracks |
| 40:09 | CTM | Lelouch · age_up imperial |
| 41:05 | Ancalagon14 · first_building Archery Range |
| 41:34 | VENON | Sigfridinho · first_building Castle |
| 42:49 | Ux'el noruego · wall_segment Stone Wall x1 |
| 42:50 | Ux'el noruego · wall_segment Stone Wall x1 |
| 43:10 | Ux'el noruego · wall_segment Stone Wall x1 |
| 43:12 | Ux'el noruego · wall_segment Stone Wall x1 |
| 44:13 | CTM | Lelouch · wall_segment Stone Wall x1 |
| 44:54 | CTM | Lelouch · resign |
[ AI ANALYSIS · 1 CREDIT ]
What really happened in this match?
Wolo.gg analyzes every decision: build order, eco, micro, common mistakes by bracket. Personalized analysis on WhatsApp or Discord in 30 seconds.
Civ guide
Romans
Perfil
Jugador #18080147